 Dungeon Crawl Stone Soup version 0.26.1-11-gd32895ea62 (webtiles) character file.

Game seed: 7782653074076659059

80 H0rd4k the Gusty (level 3, 0/26 HPs)
             Began as a Demigod Air Elementalist on June 24, 2021.
             Succumbed to an adder's poison
             ... on level 2 of the Dungeon on June 25, 2021.
             The game lasted 00:04:03 (2307 turns).

H0rd4k the Gusty (Demigod Air Elementalist)         Turns: 2307, Time: 00:04:03

Health: 0/26       AC:  2    Str: 11    XL:     3   Next: 98%
Magic:  1/9        EV: 13    Int: 21    God:
Gold:   47         SH:  0    Dex: 16    Spells: 6/7 levels left

rFire    . . .     SeeInvis .   (no weapon)
rCold    . . .     Faith    .   (no shield)
rNeg     + . .     Spirit   .   a - +0 robe
rPois    .         Reflect  .   (no helmet)
rElec    .         Harm     .   (no cloak)
rCorr    .         Rampage  .   (no gloves)
Will     .....                  (no boots)
Stlth    ++........             (no amulet)
HPRegen  0.08/turn              f - ring of positive energy
MPRegen  0.11/turn              (no ring)

@: lethally poisoned (0 -> -1), flying, very slightly contaminated, invisible
A: high mp 1
a: no special abilities


You were on level 2 of the Dungeon.
You visited 1 branch of the dungeon, and saw 2 of its levels.

You collected 47 gold pieces.

Inventory:

Missiles
 h - 7 atropa-tipped darts
Armour
 a - a +0 robe (worn)
Jewellery
 f - a ring of positive energy (left hand)
Scrolls
 b - 2 scrolls of magic mapping {unknown}
 c - 2 scrolls of identify {unknown}
 e - a scroll of amnesia {unknown}
 g - a scroll of remove curse {unknown}


   Skills:
 + Level 2.0 Dodging
 - Level 1.9 Stealth
 + Level 2.5 Spellcasting
 + Level 1.5 Conjurations
 + Level 3.6 Air Magic


You had 6 spell levels left.
You knew the following spells:

 Your Spells              Type           Power        Failure   Level
a - Shock                 Conj/Air       52%          4%          1

Your spell library contained the following spells:

 Spells                   Type           Power        Failure   Level
 Swiftness                Air            17%          4%          2
 Static Discharge         Conj/Air       13%          14%         3
 Airstrike                Air            8%           30%         4
 Lightning Bolt           Conj/Air       6%           80%         5


Dungeon Overview and Level Annotations

Branches:
Dungeon (2/15)


Innate Abilities, Weirdness & Mutations

You have an increased reservoir of magic. (+10% MP)


Message History

Aiming: Shock (safe; 4% risk of failure)
Press: ? - help, Shift-Dir - straight line That beam is likely to hit you.
Continue anyway? [Y]es or [N]o only, please.
That beam is likely to hit you.
Continue anyway?
Okay, then.
The bat closely misses you.
Casting: Shock (safe; 4% risk of failure)
Confirm with . or Enter, or press ? or * to list all spells.
Aiming: Shock (safe; 4% risk of failure)
Press: ? - help, Shift-Dir - straight line The zap hits the bat.
The bat is heavily wounded.
The zap hits the bat.
You kill the bat!
Unknown command.
You aren't carrying any potions.
Unknown command.
f - a ring of positive energy (left hand)
You die...

###...........# #.##
.............## #..#
###..).......# ##.#
######...#...# #.#
.......###..###### #.#
..####.###.......# #.#
..####.##..#####.# #.##
........#.## #.# #..#
##..#......### #@# ##.#
.......†.....###.# #.#
......###.##.....####.#
.......##.###÷#.......#
........#.# #...#...###
........#.###≈≈≈≈##...#
≈≈........#≈≈≈≈≈≈###..#
≈≈≈≈≈...≈≈≈≈≈≈≈≈≈####.#
≈≈≈≈≈≈≈≈≈≈≈≈≈≈≈≈≈.# #.#


There were no monsters in sight!

Vanquished Creatures
  3 adders (D:2)
  An ooze (D:1)
  2 worms (D:2)
  2 dart slugs (D:1)
  A leopard gecko (D:1)
  6 bats
  2 giant cockroaches (D:2)
  3 goblins
  3 hobgoblins
  3 jackals (D:1)
  A quokka (D:2)
  2 frilled lizards (D:1)
  5 kobolds (D:1)
  3 rats
37 creatures vanquished.

Notes
Turn   | Place    | Note
-------+----------+-------------------------------------------
     0 | D:1      | H0rd4k the Demigod Air Elementalist began the quest for the
                  | Orb.
     0 | D:1      | Reached XP level 1. HP: 14/14 MP: 5/5
    94 | D:1      | Found a broken altar of Ashenzari.
   156 | D:1      | Reached skill level 3 in Air Magic
   531 | D:1      | Reached XP level 2. HP: 20/20 MP: 5/7
   646 | D:1      | Reached skill level 1 in Conjurations
  1398 | D:2      | Found a sparkling altar of Nemelex Xobeh.
  1419 | D:1      | Reached XP level 3. HP: 17/26 MP: 0/8
  1823 | D:2      | Found a shimmering blue altar of Sif Muna.
  1823 | D:2      | Found an ornate altar of the Wu Jian Council.
  2303 | D:2      | HP: 1/26 [poisoned by an adder]
  2307 | D:2      | Succumbed to an adder's poison

Illustrated notes

Levels and vault maps discovered:
D:1:      tarquinn_simple_flora_water_f, layout_basic, minmay_misc_feat_columns,
          ashenzari_altar_1
D:2:      wander_river, layout_rooms, gammafunk_temple_overflow_elements,
          old_standard_altar

Skill      XL: |  1  2  3 |
---------------+----------+-----
Air Magic      | 3 |  3.6
Spellcasting   | 2 |  2.5
Conjurations   | 1 |  1.5
Dodging        | 2 |  2.0
Stealth        | |  1.9

Action                   || total
-------------------------++-------
Melee: Unarmed           ||    10
 Cast: Shock             ||   130
  Use: Potion            ||     2
Armor: Robe              ||    16
Dodge: Dodged            ||    72
